 Dungeon Crawl Stone Soup version bcrawl-1.24 (webtiles) character file.

Game seed: 1439236702585665161

75388 pasperui the Nimble (level 15, -36/132 HPs)
             Began as a Gnoll Reaver on June 10, 2020.
             Was the Champion of Vehumet.
             Annihilated by an enormous slime creature (68 damage)
             ... on level 12 of the Dungeon.
             The game lasted 01:51:07 (18390 turns).

pasperui the Nimble (Gnoll Reaver)                 Turns: 18390, Time: 01:51:08

Health: -36/132    AC: 20    Str: 20    XL:     15   Next: 50%
Magic:  20/30      EV: 33    Int: 18    God:    Vehumet [******]
Gold:   913        SH: 12    Dex: 17    Spells: 8/36 levels left

rFire    + + .     SeeInvis +   r - +3 scimitar (flame)
rCold    . . .     Gourm    .   C - +0 buckler {reflect}
rNeg     + + .     Faith    .   V - quicksilver dragon scales
rPois    .         Spirit   .   S - +0 hat of the Cooper {rF+ rN+}
rElec    .         Reflect  +   P - +2 ratskin cloak {+Rats rN+}
rCorr    .         Harm     .   i - +1 pair of gloves
MR       ++...                  (no boots)
Stlth    +++++.....             b - amulet of the acrobat
HPRegen  0.32/turn              v - ring of Lalatwun {*Corrode +Fly rF+ Str+3}
MPRegen  0.22/turn              k - ring of see invisible

@: no status effects
A: distributed training, fangs 1, yellow scales 1, camouflage 1, agile 1, robust
1, strong nose
a: Renounce Religion, Evoke Ratskin, Evoke Flight


You were on level 12 of the Dungeon.
You worshipped Vehumet.
Vehumet was exalted by your worship.
You were very hungry.

You visited 2 branches of the dungeon, and saw 18 of its levels.
You also visited: Ice Cave.

You collected 1353 gold pieces.
You spent 440 gold pieces at shops.

Inventory:

Hand Weapons
 r - a +3 scimitar of flaming (weapon)
 w - a +0 great sword of freezing
 Q - a +2 spear of distortion
 R - the +9 quarterstaff of Filigreed Duty {pain, rF+ Str-2 Int+4 Dex+5}
   (You found it on level 4 of the Lair of Beasts)

   In the hands of one skilled in necromantic magic, it inflicts extra damage on
   living creatures.
   It affects your strength (-2).
   It affects your intelligence (+4).
   It affects your dexterity (+5).
   It protects you from fire.
 T - a +1 scimitar of electrocution
Missiles
 s - 3285 stones
 G - 78 poisoned tomahawks
 K - 242 tomahawks (quivered)
Armour
 i - a +1 pair of gloves (worn)
 z - a +1 crystal plate armour of cold resistance
 C - a +0 buckler of reflection (worn)
 P - the +2 ratskin cloak (worn) {+Rats rN+}
   (You found it on level 6 of the Dungeon)

   It protects you from negative energy.
 S - the +0 hat of the Cooper (worn) {rF+ rN+}
   (You found it on level 7 of the Dungeon)

   It protects you from fire.
   It protects you from negative energy.
 V - quicksilver dragon scales (worn)
Jewellery
 a - an uncursed ring of ice
 b - an amulet of the acrobat (around neck)
 h - an uncursed ring of protection from magic
 k - a ring of see invisible (right hand)
 l - an uncursed ring of protection from cold
 p - an uncursed ring of ice
 v - the ring of Lalatwun (left hand) {*Corrode +Fly rF+ Str+3}
   (You found it on level 3 of the Lair of Beasts)

   [ring of flight]

   It affects your strength (+3).
   It protects you from fire.
   It lets you fly.
   It may corrode you when you take damage.
 J - an uncursed ring of flight
 L - an uncursed ring of fire
 M - an uncursed ring of teleportation
Wands
 d - a wand of enslavement (4)
 g - a wand of flame (61)
 x - a wand of polymorph (10)
 y - a wand of iceblast (4)
 E - a wand of random effects (7)
 F - a wand of disintegration (28)
 I - a wand of paralysis (3)
 U - a wand of acid (3)
Scrolls
 f - 4 scrolls of remove curse
 m - 4 scrolls of enchant weapon
 n - 7 scrolls of amnesia
 u - 2 scrolls of fear
 A - 4 scrolls of teleportation
 B - 4 scrolls of enchant armour
 D - 7 scrolls of magic mapping
 O - a scroll of blinking {unknown}
 W - a scroll of acquirement {unknown}
 X - 5 scrolls of fog
Potions
 c - 2 potions of brilliance
 j - a potion of heal wounds
 o - a potion of flight
 q - 3 potions of invisibility
 t - a potion of cancellation
 H - 4 potions of curing
 N - 3 potions of ambrosia
 Y - 2 potions of haste
Miscellaneous
 Z - a lamp of fire (inert)
Comestibles
 e - 31 rations {!d}


   Skills:
 + Level 11.7 Fighting
 + Level 9.9 Short Blades
 + Level 11.7 Long Blades
 + Level 9.9 Axes
 + Level 9.9 Maces & Flails
 + Level 9.9 Polearms
 + Level 9.9 Staves
 + Level 9.9 Slings
 + Level 9.9 Bows
 + Level 9.9 Crossbows
 + Level 9.9 Throwing
 + Level 9.9 Armour
 + Level 11.7 Dodging
 + Level 9.9 Stealth
 + Level 9.9 Shields
 + Level 9.9 Unarmed Combat
 + Level 11.0 Spellcasting
 + Level 8.3 Conjurations
 + Level 8.3 Hexes
 + Level 8.3 Charms
 + Level 8.3 Summonings
 + Level 8.3 Necromancy
 + Level 8.3 Translocations
 + Level 8.3 Transmutations
 + Level 8.3 Fire Magic
 + Level 8.3 Ice Magic
 + Level 8.3 Air Magic
 + Level 8.3 Earth Magic
 + Level 8.3 Poison Magic
 + Level 10.7 Invocations
 + Level 9.9 Evocations


You had 8 spell levels left.
You knew the following spells:

 Your Spells              Type           Power        Failure   Level  Hunger
a - Flame Tongue          Conj/Fire      #####        1%          1    None
b - Freeze                Ice            #####.       1%          1    None
c - Stone Arrow           Conj/Erth      #####.       1%          3    None
d - Ignite Poison         Fire/Tmut/Pois #####...     1%          3    None
e - Ice Form              Ice/Tmut       #####...     5%          4    ##.....
f - Iron Shot             Conj/Erth      #####.....   22%         6    ######.
g - Fireball              Conj/Fire      #####.....   4%          5    #####..
h - Bolt of Draining      Conj/Necr      #####.....   4%          5    #####..

Your spell library contained the following spells:

 Spells                   Type           Power        Failure   Level  Hunger
 Mana Rupture             Conj/Hex       #####.....   73%         7    #######
 Beastly Appendage        Tmut           #####.       1%          1    None
 Magic Dart               Conj           ####         1%          1    None
 Searing Ray              Conj           #####...     1%          2    None
 Sticks to Snakes         Tmut           #####...     1%          2    None
 Iskenderun's Mystic Bla  Conj           #####...     1%          3    None
 Spider Form              Tmut/Pois      ###          1%          3    None
 Fulminant Prism          Conj/Hex       #####.....   1%          4    ##.....
 Bolt of Magma            Conj/Fire/Erth #####.....   4%          5    #####..
 Irradiate                Conj/Tmut      #####.....   4%          5    #####..
 Iskenderun's Battlesphe  Conj/Chrm      #####...     4%          5    #####..
 Blade Hands              Tmut           #####.....   16%         5    #####..
 Bolt of Fire             Conj/Fire      #####.....   22%         6    ######.
 Steam Barrier            Chrm/Fire      #####.....   65%         6    ######.
 Ignition                 Fire           #####.....   100%        8    #######


Dungeon Overview and Level Annotations

Branches:
Dungeon (12/12)            Temple (0/1) D:6            Lair (6/6) D:9
 Shoals (0/3) Lair:3        Slime (0/5) Lair:5          Orc (0/1) D:8
 Depths (0/5) D:12
  Snake: Lair:2-4    Spider: Lair:2-4    Vaults: D:11-12

Altars:
Ashenzari
Dithmenos
Elyvilon
Hepliaklqana
Kikubaaqudgha
Ru
Sif Muna
Vehumet
Wu Jian
Xom
Yredelemnul
Zin
The Shining One
Beogh
Jiyva

Shops:
D:7 %   D:8 (}%   D:9 [*   D:12 [((

Annotations:
D:7 2 transporters
D:8 1 transporter, Gergoth's ghost, novice OnWz
Lair:1 3 runed translucent doors, Galewind's ghost, novice AvCj


Innate Abilities, Weirdness & Mutations

Your experience applies equally to all skills.
You have very sharp teeth.
Your uncanny sense of smell can sniff out nearby items.
You are partially covered in yellow scales. (AC +2)
Your skin changes colour to match your surroundings (Stealth+).
You are agile. (Dex +2)
You are robust. (+10% HP)


Message History

You hit the enormous slime creature. You burn the enormous slime creature.
The enormous slime creature is severely wounded.
You hit the enormous slime creature. You burn the enormous slime creature.
The enormous slime creature is severely wounded.
You slash the enormous slime creature! You burn the enormous slime creature.
You bite the enormous slime creature.
The enormous slime creature is severely wounded.
The enormous slime creature hits you but does no damage.
You slash the enormous slime creature! You burn the enormous slime creature.
The enormous slime creature is severely wounded.
You block the enormous slime creature's attack.
You hit the enormous slime creature. You burn the enormous slime creature.
The enormous slime creature is severely wounded.
The enormous slime creature hits you!!!
* * * LOW HITPOINT WARNING * * *
You slice the enormous slime creature!! You burn the enormous slime creature!
The enormous slime creature is almost dead.
The enormous slime creature hits you!!!
Ouch! That really hurt!
You die...

#.#.# #. # #.#.# #. #
#<#.####.## ######
#.......... .....##
#################.###...
......
..................(.#.8.
.....#
######.######....#.#...
.....# #J# #.####.8.∩<
.....######## #@#
####J#.<#.##.# #...........#
#.# #...J..##...8.
#...........# #.#
#....JJ####..# ............#
#.# #.............
#...#######.# #.#
#.....########
#...#..†..#.####.# #.....#
#####..†.†#...<#'###.[...# #
#.....##......##.....########
#
#.†)).#.......##.....##......


You could see an enormous slime creature.

Vanquished Creatures
  A storm dragon (shapeshifter) (D:12)
  A fire giant (D:12)
  A reaper (IceCv)
  Nessos (Lair:5)
  A fire dragon (D:12)
  11 hydras
  A centaur warrior (D:12)
  A catoblepas (Lair:4)
  4 two-headed ogres
  Erica (D:8)
  2 tengu warriors (D:12)
  An alligator (Lair:6)
  An unseen horror (D:11)
  A cyclops (D:12)
  2 ugly things
  A centaur zombie (D:11)
  9 elephants
  2 merfolk sirens (Lair:3)
  6 black mambas
  2 ice statues (IceCv)
  Joseph (D:8)
  2 gargoyles
  19 cane toads
  5 rime drakes
  8 komodo dragons
  A yaktaur (D:12)
  9 ice devils (IceCv)
  2 merfolk (Lair:3)
  A queen bee (D:12)
  3 meliai (D:12)
  3 polar bears
  5 trolls
  9 slime creatures
  7 hornets
  Grinder (D:6)
  13 blink frogs
  5 dream sheep (Lair:6)
  9 hippogriffs
  37 yaks
  17 spriggans
  6 wyverns
  Sigmund (D:4)
  A shadow (D:10)
  A vampire (D:12)
  3 basilisks
  2 wargs (D:12)
  A naga (Lair:2)
  16 crocodiles
  11 porcupines
  Duvessa (D:5)
  10 water moccasins
  7 black bears
  10 ice beasts
  10 orc warriors
  3 sky beasts
  2 phantoms
  2 centaurs (D:10)
  3 boggarts (Lair:6)
  30 wolves
  5 ogres
  10 bullfrogs
  A big kobold (D:10)
  A gnoll sergeant (D:10)
  2 scorpions
  Dowan (D:5)
  A water moccasin skeleton (D:8)
  29 killer bees
  2 crimson imps
  A bullfrog zombie (D:5)
  2 hounds (D:4)
  13 orc wizards
  Crazy Yiuf (D:4)
  6 orc priests
  2 jellies
  3 centaur skeletons
  3 iguanas
  3 hell rats (D:6)
  8 worker ants
  2 hound skeletons
  A worker ant zombie (D:5)
  Robin (D:4)
  7 gnolls
  9 adders
  4 river rats (D:6)
  3 shadow imps
  2 white imps (IceCv)
  9 ufetubi (IceCv)
  An adder zombie (D:7)
  2 adder skeletons (D:6)
  4 worms (D:3)
  5 leopard geckos
  54 orcs
  2 ball pythons
  7 giant cockroaches
  17 goblins
  6 hobgoblins
  4 jackals (D:7)
  3 quokkas
  7 bats
  5 frilled lizards
  A jackal skeleton (D:4)
  13 kobolds
  18 rats
  A bush (Lair:3)
  A fungus (Lair:3)
610 creatures vanquished.

Vanquished Creatures (others)
  A shadow imp (D:8)
  4 white imps (IceCv)
  6 ufetubi (IceCv)
  15 fungi
  7 plants
33 creatures vanquished.

Grand Total: 643 creatures vanquished

Notes
Turn   | Place    | Note
-------+----------+-------------------------------------------
     0 | D:1      | pasperui the Gnoll Reaver began the quest for the Orb.
     0 | D:1      | Reached XP level 1. HP: 23/23 MP: 6/6
   132 | D:1      | Reached XP level 2. HP: 27/29 MP: 7/7
   605 | D:1      | Reached * piety under Vehumet
   605 | D:1      | Offered knowledge of Flame Tongue by Vehumet.
   608 | D:1      | Learned a level 1 spell: Flame Tongue
   687 | D:2      | Reached XP level 3. HP: 34/35 MP: 9/9
   727 | D:2      | Reached skill level 5 in Spellcasting
  1240 | D:3      | Reached skill level 1 in Invocations
  1274 | D:3      | Found an ancient bone altar of Kikubaaqudgha.
  1285 | D:3      | Found a radiant altar of Vehumet.
  1295 | D:3      | Reached skill level 1 in Short Blades
  1295 | D:3      | Reached skill level 1 in Axes
  1295 | D:3      | Reached skill level 1 in Maces & Flails
  1295 | D:3      | Reached skill level 1 in Polearms
  1295 | D:3      | Reached skill level 1 in Staves
  1295 | D:3      | Reached skill level 1 in Slings
  1295 | D:3      | Reached skill level 1 in Bows
  1295 | D:3      | Reached skill level 1 in Crossbows
  1295 | D:3      | Reached skill level 1 in Throwing
  1295 | D:3      | Reached skill level 1 in Armour
  1295 | D:3      | Reached skill level 1 in Stealth
  1295 | D:3      | Reached skill level 1 in Shields
  1295 | D:3      | Reached skill level 1 in Unarmed Combat
  1295 | D:3      | Reached skill level 1 in Evocations
  1322 | D:3      | Reached XP level 4. HP: 32/41 MP: 11/11
  1371 | D:3      | Reached skill level 1 in Conjurations
  1371 | D:3      | Reached skill level 1 in Hexes
  1371 | D:3      | Reached skill level 1 in Charms
  1371 | D:3      | Reached skill level 1 in Summonings
  1371 | D:3      | Reached skill level 1 in Necromancy
  1371 | D:3      | Reached skill level 1 in Translocations
  1371 | D:3      | Reached skill level 1 in Transmutations
  1371 | D:3      | Reached skill level 1 in Fire Magic
  1371 | D:3      | Reached skill level 1 in Ice Magic
  1371 | D:3      | Reached skill level 1 in Air Magic
  1371 | D:3      | Reached skill level 1 in Earth Magic
  1371 | D:3      | Reached skill level 1 in Poison Magic
  1589 | D:3      | Found a hazy altar of Hepliaklqana.
  1627 | D:3      | Reached XP level 5. HP: 47/47 MP: 12/12
  1974 | D:3      | Found a shimmering altar of Xom.
  1974 | D:3      | Found a basalt altar of Yredelemnul.
  2102 | D:3      | Found a glowing golden altar of the Shining One.
  2102 | D:3      | Found a shimmering blue altar of Sif Muna.
  2108 | D:3      | Found a glowing silver altar of Zin.
  2108 | D:3      | Found a shadowy altar of Dithmenos.
  2110 | D:3      | Found a white marble altar of Elyvilon.
  2112 | D:3      | Found a shattered altar of Ashenzari.
  2203 | D:4      | Noticed Sigmund
  2216 | D:4      | Killed Sigmund
  2216 | D:4      | Reached XP level 6. HP: 53/53 MP: 2/13
  2328 | D:4      | Noticed a troll
  2373 | D:4      | Killed a troll
  2373 | D:4      | Reached XP level 7. HP: 15/60 MP: 12/15
  2382 | D:4      | Reached ** piety under Vehumet
  2382 | D:4      | Offered knowledge of Freeze by Vehumet.
  2385 | D:4      | Learned a level 1 spell: Freeze
  2767 | D:4      | Reached XP level 8. HP: 52/67 MP: 16/16
  3104 | D:4      | Noticed Robin
  3133 | D:4      | Killed Robin
  3146 | D:4      | Offered knowledge of Stone Arrow by Vehumet.
  3153 | D:4      | Learned a level 3 spell: Stone Arrow
  3198 | D:4      | Found a runed door.
  3202 | D:4      | Noticed Crazy Yiuf
  3220 | D:4      | Killed Crazy Yiuf
  3277 | D:5      | Entered Level 5 of the Dungeon
  3445 | D:5      | Found a sacrificial altar of Ru.
  3529 | D:5      | Noticed Dowan
  3530 | D:5      | Noticed Duvessa
  3555 | D:5      | Killed Dowan
  3600 | D:5      | Killed Duvessa
  4126 | D:6      | Found a staircase to the Ecumenical Temple.
  4142 | D:6      | Reached *** piety under Vehumet
  4284 | D:6      | Noticed Grinder
  4294 | D:6      | Paralysed by Grinder for 3 turns
  4299 | D:6      | Paralysed by Grinder for 3 turns
  4449 | D:6      | Reached XP level 9. HP: 68/72 MP: 18/18
  4455 | D:6      | Killed Grinder
  4727 | D:6      | Found the +2 ratskin cloak {+Rats rN+}
  4737 | D:6      | Offered knowledge of Ignite Poison by Vehumet.
  4949 | D:7      | Reached **** piety under Vehumet
  4956 | D:7      | Learned a level 3 spell: Ignite Poison
  4981 | D:7      | Got a faintly humming hat
  4987 | D:7      | Identified the cursed +0 hat of the Cooper {rF+ rN+} (You
                  | found it on level 7 of the Dungeon)
  4991 | D:7      | Found a white marble altar of Elyvilon.
  5057 | D:7      | Offered knowledge of Lee's Rapid Deconstruction by Vehumet.
  5376 | D:7      | Found a roughly hewn altar of Beogh.
  5376 | D:7      | Noticed a troll
  5429 | D:7      | Found Taar's Food Boutique.
  5634 | D:6      | Reached skill level 5 in Invocations
  6063 | D:7      | Reached XP level 10. HP: 80/80 MP: 12/20
  6074 | D:7      | Found a transporter.
  6112 | D:7      | Found a transporter.
  6140 | D:8      | Found Baigrys's Food Emporium.
  6154 | D:8      | Reached ***** piety under Vehumet
  6154 | D:8      | Offered knowledge of Conjure Ball Lightning by Vehumet.
  6294 | D:8      | Found a roughly hewn altar of Beogh.
  6296 | D:8      | Found a staircase to the Orcish Mines.
  6339 | D:8      | Noticed Erica
  6367 | D:8      | Killed Erica
  6367 | D:8      | Reached skill level 5 in Short Blades
  6367 | D:8      | Reached skill level 5 in Axes
  6367 | D:8      | Reached skill level 5 in Maces & Flails
  6367 | D:8      | Reached skill level 5 in Polearms
  6367 | D:8      | Reached skill level 5 in Staves
  6367 | D:8      | Reached skill level 5 in Slings
  6367 | D:8      | Reached skill level 5 in Bows
  6367 | D:8      | Reached skill level 5 in Crossbows
  6367 | D:8      | Reached skill level 5 in Throwing
  6367 | D:8      | Reached skill level 5 in Armour
  6367 | D:8      | Reached skill level 5 in Stealth
  6367 | D:8      | Reached skill level 5 in Shields
  6367 | D:8      | Reached skill level 5 in Unarmed Combat
  6367 | D:8      | Reached skill level 5 in Evocations
  6387 | D:8      | Noticed Joseph
  6407 | D:8      | Killed Joseph
  6575 | D:8      | Found a transporter.
  6578 | D:8      | Noticed Gergoth's ghost (novice OnWz)
  6668 | D:8      | Found Bianill's Antique Weapon Shop.
  6827 | D:8      | Found Ijoot's Gadget Boutique.
  6836 | D:8      | Bought a lamp of fire for 440 gold pieces
  6996 | D:9      | Found Asit's Antique Armour Boutique.
  7081 | D:9      | Found Cepeet's General Store.
  7510 | D:9      | Found an ornate altar of the Wu Jian Council.
  7583 | D:9      | Noticed an elephant
  7590 | D:9      | Noticed a gargoyle
  7602 | D:9      | Killed an elephant
  7630 | D:9      | Killed a gargoyle
  7639 | D:9      | Found a staircase to the Lair.
  7650 | D:9      | Reached XP level 11. HP: 87/87 MP: 11/22
  7682 | Lair:1   | Entered Level 1 of the Lair of Beasts
  8120 | Lair:1   | Noticed Galewind's ghost (novice AvCj)
  8129 | Lair:1   | Found a runed translucent gate.
  8129 | Lair:1   | Found a runed translucent gate.
  8129 | Lair:1   | Found a runed translucent gate.
  8143 | Lair:1   | Reached skill level 5 in Conjurations
  8143 | Lair:1   | Reached skill level 5 in Hexes
  8143 | Lair:1   | Reached skill level 5 in Charms
  8143 | Lair:1   | Reached skill level 5 in Summonings
  8143 | Lair:1   | Reached skill level 5 in Necromancy
  8143 | Lair:1   | Reached skill level 5 in Translocations
  8143 | Lair:1   | Reached skill level 5 in Transmutations
  8143 | Lair:1   | Reached skill level 5 in Fire Magic
  8143 | Lair:1   | Reached skill level 5 in Ice Magic
  8143 | Lair:1   | Reached skill level 5 in Air Magic
  8143 | Lair:1   | Reached skill level 5 in Earth Magic
  8143 | Lair:1   | Reached skill level 5 in Poison Magic
  8179 | Lair:1   | Noticed a four-headed hydra
  8191 | Lair:1   | Killed a one-headed hydra
  9005 | Lair:2   | Noticed a seven-headed hydra
  9249 | Lair:2   | Noticed a four-headed hydra
  9265 | Lair:2   | Killed a one-headed hydra
  9265 | Lair:2   | Reached XP level 12. HP: 75/96 MP: 18/24
  9320 | Lair:2   | Noticed a five-headed hydra
  9381 | Lair:2   | Killed a three-headed hydra
  9407 | Lair:2   | Killed a three-headed hydra
 10043 | Lair:3   | Found a staircase to the Shoals.
 10208 | Lair:3   | Got a brightly glowing amber ring
 10210 | Lair:3   | Identified the ring of Lalatwun {*Corrode +Fly rF+ Str+3}
                  | (You found it on level 3 of the Lair of Beasts)
 10535 | Lair:4   | Learned a level 4 spell: Ice Form
 10605 | Lair:4   | Gained mutation: Your skin changes colour to match your
                  | surroundings (Stealth+). [potion of mutation]
 10605 | Lair:4   | Gained mutation: You are agile. (Dex +2) [potion of
                  | mutation]
 10605 | Lair:4   | Gained mutation: You are robust. (+10% HP) [potion of
                  | mutation]
 10605 | Lair:4   | Gained mutation: You are partially covered in yellow
                  | scales. (AC +2) [potion of mutation]
 10718 | Lair:4   | Noticed a catoblepas
 10746 | Lair:4   | Killed a catoblepas
 10833 | Lair:4   | Reached skill level 10 in Fighting
 10833 | Lair:4   | Reached skill level 10 in Long Blades
 10833 | Lair:4   | Reached skill level 10 in Dodging
 10985 | Lair:4   | Got a crude quarterstaff
 11042 | Lair:4   | Identified the +9 quarterstaff of Filigreed Duty {pain, rF+
                  | Str-2 Int+4 Dex+5} (You found it on level 4 of the Lair of
                  | Beasts)
 11072 | Lair:4   | Reached XP level 13. HP: 34/113 MP: 26/26
 11797 | Lair:5   | Offered knowledge of Iron Shot by Vehumet.
 11799 | Lair:5   | Found a staircase to the Slime Pits.
 11801 | Lair:5   | Found a viscous altar of Jiyva.
 11811 | Lair:5   | Learned a level 6 spell: Iron Shot
 11831 | Lair:5   | Noticed Nessos
 11924 | Lair:5   | Killed Nessos
 12384 | Lair:6   | Entered Level 6 of the Lair of Beasts
 13146 | Lair:6   | Reached skill level 10 in Spellcasting
 13186 | Lair:6   | Reached XP level 14. HP: 84/122 MP: 25/28
 13246 | Lair:6   | Learned a level 5 spell: Fireball
 13745 | Lair:6   | Reached ****** piety under Vehumet
 13915 | Lair:6   | Offered knowledge of Icicle Burst by Vehumet.
 14672 | D:10     | Entered Level 10 of the Dungeon
 14754 | D:10     | Reached skill level 10 in Invocations
 16091 | D:11     | Offered knowledge of Bolt of Draining by Vehumet.
 16301 | D:11     | Learned a level 5 spell: Bolt of Draining
 16746 | D:12     | Entered Level 12 of the Dungeon
 16808 | D:11     | Reached XP level 15. HP: 97/130 MP: 29/29
 16837 | D:12     | Found Utruiryu's Antique Armour Shop.
 16842 | D:12     | Found a frozen archway.
 16895 | IceCv    | Entered an ice cave
 17047 | IceCv    | Offered knowledge of Mana Rupture by Vehumet.
 17764 | D:12     | Found Rup Mea's Antique Weapon Emporium.
 17792 | D:12     | Found Puett's Weapon Shoppe.
 18013 | D:12     | Noticed a storm dragon
 18054 | D:12     | Killed a storm dragon
 18119 | D:12     | Noticed a fire giant
 18122 | D:12     | Found a staircase to the Depths.
 18134 | D:12     | Killed a fire giant
 18390 | D:12     | Annihilated by an enormous slime creature

Skill      XL: |  1  2  3  4  5  6  7  8  9 10 11 12 13 14 15 |
---------------+----------------------------------------------+-----
Spellcasting   | 5 6 7 8 9 10 11 | 11.0
Invocations    | 1 2 3 4 5 6 7 8 9 10 | 10.7
Short Blades   | 1 2 3 4 5 6 7 8 9 |  9.9
Axes           | 1 2 3 4 5 6 7 8 9 |  9.9
Maces & Flails | 1 2 3 4 5 6 7 8 9 |  9.9
Polearms       | 1 2 3 4 5 6 7 8 9 |  9.9
Staves         | 1 2 3 4 5 6 7 8 9 |  9.9
Slings         | 1 2 3 4 5 6 7 8 9 |  9.9
Bows           | 1 2 3 4 5 6 7 8 9 |  9.9
Crossbows      | 1 2 3 4 5 6 7 8 9 |  9.9
Throwing       | 1 2 3 4 5 6 7 8 9 |  9.9
Armour         | 1 2 3 4 5 6 7 8 9 |  9.9
Stealth        | 1 2 3 4 5 6 7 8 9 |  9.9
Shields        | 1 2 3 4 5 6 7 8 9 |  9.9
Unarmed Combat | 1 2 3 4 5 6 7 8 9 |  9.9
Evocations     | 1 2 3 4 5 6 7 8 9 |  9.9
Conjurations   | 1 2 3 4 5 6 7 8 |  8.3
Hexes          | 1 2 3 4 5 6 7 8 |  8.3
Charms         | 1 2 3 4 5 6 7 8 |  8.3
Summonings     | 1 2 3 4 5 6 7 8 |  8.3
Necromancy     | 1 2 3 4 5 6 7 8 |  8.3
Translocations | 1 2 3 4 5 6 7 8 |  8.3
Transmutations | 1 2 3 4 5 6 7 8 |  8.3
Fire Magic     | 1 2 3 4 5 6 7 8 |  8.3
Ice Magic      | 1 2 3 4 5 6 7 8 |  8.3
Air Magic      | 1 2 3 4 5 6 7 8 |  8.3
Earth Magic    | 1 2 3 4 5 6 7 8 |  8.3
Poison Magic   | 1 2 3 4 5 6 7 8 |  8.3
Fighting       | 7 8 9 10 11 | 11.7
Long Blades    | 7 8 9 10 11 | 11.7
Dodging        | 7 8 9 10 11 | 11.7

Action                   |  1- 3 |  4- 6 |  7- 9 | 10-12 | 13-15 || total
-------------------------+-------+-------+-------+-------+-------++-------
Melee: Long sword        |   122 |    86 |       |       |       ||   208
       Bite              |     9 |    12 |    39 |    57 |   188 ||   305
       Punch             |       |     2 |       |       |     8 ||    10
       Falchion          |       |    19 |   293 |    36 |       ||   348
       Scimitar          |       |       |       |   443 |  1226 ||  1669
       Quarterstaff      |       |       |       |    21 |    23 ||    44
Throw: Stone             |       |     3 |    11 |       |       ||    14
       Tomahawk          |       |       |       |     2 |    12 ||    14
 Cast: Flame Tongue      |       |    18 |   107 |   108 |   166 ||   399
       Freeze            |       |       |    29 |    10 |       ||    39
       Stone Arrow       |       |       |    27 |    90 |   150 ||   267
       Bolt of Draining  |       |       |       |       |    15 ||    15
       Fireball          |       |       |       |       |     9 ||     9
Evoke: Lamp of fire      |       |       |       |     1 |     1 ||     2
       Wand              |       |       |       |       |     3 ||     3
  Use: Potion            |       |     2 |     5 |     5 |     4 ||    16
       Scroll            |       |       |    11 |     4 |     9 ||    24
 Stab: Sleeping          |     2 |     1 |     6 |     6 |     7 ||    22
       Distracted        |       |       |     1 |       |     2 ||     3
       Invisible         |       |       |       |       |     9 ||     9
  Eat: Chunk             |     1 |     4 |    12 |     8 |    19 ||    44
       Ration            |       |       |     1 |     2 |     3 ||     6
Armor: Steam dragon scal |    22 |    27 |    87 |    12 |       ||   148
       Quicksilver drago |       |       |       |   132 |   355 ||   487
Dodge: Dodged            |   102 |    89 |   192 |   289 |   794 ||  1466
Block: Other             |     8 |     4 |       |       |    14 ||    26
       Buckler           |       |    20 |   116 |   211 |   689 ||  1036
       Reflection        |       |       |       |       |    11 ||    11
